 Dungeon Crawl Stone Soup version 0.21-a0-207-g4a9efaf (webtiles) character file.

886 tehllama the Insei (level 8, -7/53 HPs)
             Began as an Octopode Transmuter on Aug 20, 2017.
             Was a Follower of Cheibriados.
             Mangled by an orc warrior
             ... wielding a +0 battleaxe
              (13 damage)
             ... on level 6 of the Dungeon on Aug 21, 2017.
             The game lasted 00:09:55 (4314 turns).

tehllama the Insei (Octopode Transmuter)            Turns: 4314, Time: 00:09:55

Health: -7/53      AC:  1    Str: 14    XL:     8   Next: 5%
Magic:  6/12       EV: 14    Int: 22    God:    Cheibriados [*.....]
Gold:   247        SH:  0    Dex: 14    Spells: 6/12 levels left

rFire    . . .     SeeInvis .     - Unarmed
rCold    . . .     Gourm    .   (no shield)
rNeg     . . .     Faith    .   (helmet restricted)
rPois    .         Spirit   .   j - amulet of regeneration
rElec    .         Reflect  .   x - +2 ring of intelligence
rCorr    .         Harm     .   (no ring)
MR       .....                  (no ring)
Stlth    ++++......             (no ring)
HPRegen  0.57/turn              (no ring)
MPRegen  0.13/turn              (no ring)
                                (no ring)
                                (no ring)

@: very slightly contaminated, very slow
A: almost no armour, stealthy swim, amphibious, 8 rings, constrict 8, camouflage
1, clever 1, clumsy 1, gelatinous body 1
a: Bend Time, Renounce Religion


You were on level 6 of the Dungeon.
You worshipped Cheibriados.
Cheibriados was aware of your devotion.
You were hungry.

You visited 2 branches of the dungeon, and saw 7 of its levels.

You collected 247 gold pieces.

Inventory:

Missiles
 a - 51 arrows
Magical Staves
 y - an uncursed staff of poison {unknown}
Jewellery
 j - an amulet of regeneration (around mantle)
 x - a +2 ring of intelligence (left tentacle)
Wands
 u - a wand of enslavement (10/24)
Scrolls
 d - 8 scrolls of identify {unknown}
 h - a scroll of noise {unknown}
 i - 2 scrolls of random uselessness {unknown}
 p - a scroll of amnesia {unknown}
 r - 2 scrolls of enchant weapon {unknown}
 t - a scroll of enchant armour {unknown}
 w - 3 scrolls of teleportation {unknown}
 B - 2 scrolls of fog {unknown}
Potions
 e - a potion of ambrosia {unknown}
 f - 2 potions of magic {unknown}
 g - 2 potions of mutation
 k - 2 potions of curing {unknown}
 l - a potion of degeneration {unknown}
 n - a potion of lignification {unknown}
 o - 3 potions of haste {unknown}
 q - a potion of invisibility {unknown}
 s - a potion of might {unknown}
 v - 2 potions of flight {unknown}
 A - a potion of brilliance {unknown}
Books
 b - a book of Changes

   Spells                             Type                      Level
   a - Beastly Appendage              Transmutation                1
   b - Sticks to Snakes               Transmutation                2
   c - Spider Form                    Transmutation/Poison         3
   d - Ice Form                       Ice/Transmutation            4
   e - Blade Hands                    Transmutation                5
Comestibles
 c - 4 bread rations
 m - 4 royal jellies
 z - 4 fruits


   Skills:
 + Level 3.6 Fighting
 + Level 3.2 Dodging
 + Level 4.0 Stealth
 * Level 6.1 Unarmed Combat
 + Level 2.9 Spellcasting
 * Level 3.4 Transmutations
 + Level 2.3 Poison Magic


You had 6 spell levels left.
You knew the following spells:

 Your Spells              Type           Power        Failure   Level  Hunger
a - Beastly Appendage     Tmut           ###...       3%          1    None
b - Sticks to Snakes      Tmut           ###.....     4%          2    ##.....
c - Spider Form           Tmut/Pois      ###.......   12%         3    ###....


Dungeon Overview and Level Annotations

Branches:
Dungeon (6/15)             Temple (1/1) D:4

Altars:
Ashenzari
Cheibriados
Elyvilon
Fedhas
Gozag
Kikubaaqudgha
Makhleb
Okawaru
Ru
Sif Muna
Trog
Uskayaw
Vehumet
Wu Jian
Yredelemnul
The Shining One

Shops:
D:4 :


Innate Abilities, Weirdness & Mutations

You cannot wear most types of armour.
You are very stealthy in the water. (Stealth+)
You are amphibious.
You can wear up to eight rings at the same time.
You can use your tentacles to constrict eight enemies at once.
Your skin changes colour to match your surroundings (Stealth+).
Your rubbery body absorbs attacks. (AC +1, EV +1)
Your mind is acute. (Int +2)
You are clumsy. (Dex -2)


Message History

You hit the orc warrior.
The orc warrior looks as sick as possible!
The orc warrior is moderately wounded.
The orc warrior hits you with a battleaxe!!
You are too injured to fight recklessly!
The orc warrior hits you with a battleaxe!
* * * LOW HITPOINT WARNING * * *
The orc warrior misses you.
You see here a glowing trident.
Your transformation is almost over.
The orc warrior completely misses you. The orc warrior completely misses you.
An iguana comes into view.
Your transformation has ended.
The orc warrior hits you with a battleaxe!
* * * LOW HITPOINT WARNING * * *
It was a potion of mutation.
You feel extremely strange.
You feel clumsy.
You feel clever.
The orc warrior hits you with a battleaxe!
You die...

#........# ##### ≈≈.
.#####..#.## ###≈≈≈#
........#.#######8.8.8#
.#####...#....).......+
#...#.#####..8.8.8#
#...#.# #.####≈≈≈#
.....#.# #.# ≈≈.
###.#.#o# .#. ≈ #....@#
.. . #..#..........
.......###.....#
###.#.# ...# # #. ###
#l #.


You could see an orc warrior and an iguana (sleeping).

Vanquished Creatures
  The ghost of tehllama the Insei, an amateur OpTm (D:3)
  2 ogres
  Blork the orc (D:5)
  A scorpion (D:5)
  A crimson imp (D:5)
  A hound (D:5)
  An orc priest (D:5)
  A bullfrog skeleton (D:5)
  2 orc wizards (D:5)
  2 centaur skeletons
  2 worker ants (D:4)
  Jessica (D:2)
  Ijyb (D:3)
  A hound skeleton (D:4)
  3 adders
  An ooze (D:6)
  An adder skeleton (D:4)
  5 worms
  2 dart slugs
  2 leopard geckos
  9 orcs
  10 bats
  3 giant cockroaches
  8 hobgoblins
  2 jackals (D:2)
  11 kobolds
  3 quokkas
  4 ball pythons
  2 frilled lizards
  7 goblins
  A leopard gecko zombie (D:5)
  4 rats
96 creatures vanquished.

Notes
Turn   | Place    | Note
-------+----------+-------------------------------------------
     0 | D:1      | tehllama the Octopode Transmuter began the quest for the Orb.
     0 | D:1      | Reached XP level 1. HP: 13/13 MP: 3/3
   327 | D:1      | Reached XP level 2. HP: 11/18 MP: 5/5
   821 | D:2      | Reached skill level 4 in Unarmed Combat
   848 | D:2      | Reached XP level 3. HP: 23/23 MP: 4/6
   980 | D:2      | Noticed Jessica
   991 | D:2      | Killed Jessica
   991 | D:2      | Reached skill level 1 in Stealth
   991 | D:2      | Reached XP level 4. HP: 29/29 MP: 5/7
  1615 | D:3      | Noticed tehllama's ghost (amateur OpTm)
  1664 | D:4      | Learned a level 2 spell: Sticks to Snakes
  1668 | D:4      | Learned a level 3 spell: Spider Form
  1738 | D:3      | Killed tehllama's ghost
  1738 | D:3      | Reached skill level 5 in Unarmed Combat
  1738 | D:3      | Reached XP level 5. HP: 25/35 MP: 4/8
  1843 | D:3      | Reached XP level 6. HP: 38/41 MP: 9/9
  1874 | D:3      | Noticed Ijyb
  1884 | D:3      | Killed Ijyb
  2352 | D:4      | Found Qeulaf's Book Shoppe.
  2672 | D:4      | Found a staircase to the Ecumenical Temple.
  2681 | D:4      | Reached skill level 1 in Poison Magic
  2688 | Temple   | Entered the Ecumenical Temple
  2797 | Temple   | Became a worshipper of Cheibriados the Contemplative
  3126 | D:4      | Reached XP level 7. HP: 46/46 MP: 6/10
  3392 | D:5      | Entered Level 5 of the Dungeon
  3435 | D:5      | Found a bloodstained altar of Trog.
  3502 | D:5      | Found a white marble altar of Elyvilon.
  3561 | D:5      | Found a sacrificial altar of Ru.
  3700 | D:5      | Reached * piety under Cheibriados
  3799 | D:5      | Reached skill level 6 in Unarmed Combat
  3946 | D:5      | Noticed Blork the orc
  3966 | D:5      | Killed Blork the orc
  4063 | D:5      | Reached XP level 8. HP: 45/52 MP: 8/12
  4314 | D:6      | Gained mutation: You are clumsy. (Dex -2) [potion of mutation]
  4314 | D:6      | Gained mutation: Your mind is acute. (Int +2) [potion of mutation]
  4314 | D:6      | Mangled by an orc warrior

Vault maps used:
D:1:      matt_arrival_grand_opening
D:2:      first_bread, minmay_misc_feat_square, uniq_jessica
D:3:      uniq_ijyb
D:4:      minmay_temple_entry_enclosed_plants, serial_shops, shop
D:5:      nicolae_ru_great_annihilating_truth, old_standard_altar,
          trog_hazing_becter, uniq_blork_the_orc
D:6:      kennysheep_orc_sif_temple
Temple:   eino_temple_water

Skill      XL: |  1  2  3  4  5  6  7 |
---------------+----------------------+-----
Unarmed Combat | 4 5 6 |  6.1
Stealth        | 1 2 3 4 |  4.0
Fighting       | 2 3 |  3.6
Poison Magic   | 1 2 |  2.3
Dodging        | 3 |  3.2
Transmutations | 3 |  3.4
Spellcasting   | |  2.9

Action                   |  1- 3 |  4- 6 |  7- 9 || total
-------------------------+-------+-------+-------++-------
Melee: Unarmed           |    50 |   128 |    82 ||   260
       Constrict         |    17 |    29 |    14 ||    60
       Tentacles         |    15 |    18 |    10 ||    43
       Kick              |     9 |    10 |    12 ||    31
       Punch             |       |     4 |     3 ||     7
 Cast: Beastly Appendage |     8 |     8 |     7 ||    23
       Spider Form       |       |     4 |     5 ||     9
       Sticks to Snakes  |       |     1 |       ||     1
  Use: Potion            |       |       |     1 ||     1
 Stab: Sleeping          |     5 |     9 |     6 ||    20
       Paralysed         |       |       |     2 ||     2
  Eat: Chunk             |       |     8 |     4 ||    12
Armor: Skin              |     4 |    11 |     6 ||    21
Dodge: Dodged            |    23 |    80 |   102 ||   205
